 Dungeon Crawl Stone Soup version 0.21.1-1-g345015f (webtiles) character file.

128 Kagorn the Slasher (level 4, -2/35 HPs)
             Began as a Vampire Berserker on June 4, 2018.
             Was a Believer of Trog.
             Slain by a worm (7 damage)
             ... on level 2 of the Dungeon.
             The game lasted 00:14:21 (1074 turns).

Kagorn the Slasher (Vampire Berserker)              Turns: 1074, Time: 00:14:26

Health: -2/35      AC:  9    Str: 16    XL:     4   Next: 86%
Magic:  4/4        EV:  7    Int:  9    God:    Trog [**....]
Gold:   81         SH:  0    Dex: 14    Spells: 3/3 levels left

rFire    . . .     SeeInvis +   a - +0 falchion
rCold    . . .     Gourm    .   (no shield)
rNeg     + . .     Faith    .   e - +0 chain mail
rPois    .         Spirit   .   (no helmet)
rElec    .         Reflect  .   (no cloak)
rCorr    .         Harm     .   (no gloves)
MR       ++...                  l - +0 pair of boots
Stlth    ..........             (no amulet)
HPRegen  1.11/turn              (no ring)
MPRegen  0.09/turn              (no ring)

@: berserk cooldown, regenerating, slowed, very slow
A: fangs 3, see invisible, unbreathing
a: Bat Form, Berserk, Trog's Hand, Burn Spellbooks, Renounce Religion


You were on level 2 of the Dungeon.
You worshipped Trog.
Trog was pleased with you.
You were not thirsty.

You visited 1 branch of the dungeon, and saw 2 of its levels.

You collected 81 gold pieces.

Inventory:

Hand Weapons
 a - a +0 falchion (weapon)
 k - a +0 hunting sling
Armour
 b - a +0 animal skin
 e - a +0 chain mail (worn)
 i - a cursed +0 robe
 l - a +0 pair of boots (worn)
Scrolls
 d - 3 scrolls of enchant weapon {unknown}
 g - a scroll of fear {unknown}
 j - a scroll of identify {unknown}
Potions
 c - 11 potions of blood
 f - a potion of might {unknown}
 h - a potion of flight {unknown}


   Skills:
 + Level 3.3 Fighting
 + Level 4.2 Long Blades
 + Level 2.0 Armour
 + Level 2.7 Dodging
 * Level 3.0 Stealth


You had 3 spell levels left.
You didn't know any spells.

Dungeon Overview and Level Annotations

Branches:
Dungeon (2/15)

Altars:

Annotations:
D:2 Robin


Innate Abilities, Weirdness & Mutations

You have razor-sharp teeth.
You have supernaturally acute eyesight. (SInv)
You can survive without breathing.


Message History

You feel yourself slow down. Robin hits you but does no damage.
You hit the hobgoblin.
You kill the hobgoblin!
Trog accepts your kill. Robin hits you but does no damage.
You hit the worm but do no damage. Robin hits you but does no damage.
The worm closely misses you. Robin barely misses you.
You hit the worm.
The worm is moderately wounded.
The worm bites you.
* * * LOW HITPOINT WARNING * * *
Robin hits you from afar with a trident.
* * * LOW HITPOINT WARNING * * *
Your skin crawls.
You feel resistant to hostile enchantments.
You feel somewhat more thirsty.
Robin hits you from afar with a trident.
* * * LOW HITPOINT WARNING * * *
The worm bites you!
You die...

#..##.#.#..##
#..........#
####.#####..#
#.......# #.#
#.#####.# .#
#.# # # #.# #.#
.# #@#####.#
#w......##
##g........
..###..)#.#####
#........#.#
##.###.)...#
#......†.##
#######..# #..#


You could see a worm and Robin.

Vanquished Creatures
  A jelly (D:1)
  An adder (D:2)
  3 oozes (D:1)
  2 worms (D:1)
  2 dart slugs (D:1)
  2 leopard geckos
  5 bats (D:1)
  5 giant cockroaches (D:1)
  13 goblins
  5 hobgoblins
  4 jackals (D:1)
  4 kobolds (D:1)
  2 ball pythons (D:1)
  A frilled lizard (D:1)
  12 rats
62 creatures vanquished.

Notes
Turn   | Place    | Note
-------+----------+-------------------------------------------
     0 | D:1      | Kagorn the Vampire Berserker began the quest for the Orb.
     0 | D:1      | Reached XP level 1. HP: 17/17 MP: 1/1
     1 | D:1      | Found a runed door.
     6 | D:1      | Noticed a jelly
    65 | D:1      | Reached skill level 1 in Stealth
   120 | D:1      | Reached XP level 2. HP: 16/23 MP: 2/2
   409 | D:1      | Reached XP level 3. HP: 27/28 MP: 3/3
   469 | D:1      | Reached ** piety under Trog
   779 | D:1      | Reached XP level 4. HP: 35/35 MP: 4/4
   784 | D:1      | Reached skill level 4 in Long Blades
  1044 | D:2      | Noticed Robin
  1074 | D:2      | Slain by a worm

Skill      XL: |  1  2  3  4 |
---------------+-------------+-----
Stealth        | 1 2 3 |  3.0
Fighting       | 3 |  3.3
Long Blades    | 4 |  4.2
Armour         | 2 |  2.0
Dodging        | |  2.7

Action                   |  1- 3 |  4- 6 || total
-------------------------+-------+-------++-------
Melee: Falchion          |    79 |    66 ||   145
       Bite              |    10 |    10 ||    20
Invok: Berserk           |     2 |     1 ||     3
       Trog's Hand       |       |     1 ||     1
 Abil: End Transformatio |       |     1 ||     1
       Bat Form          |       |     1 ||     1
  Use: Potion            |     5 |     2 ||     7
Armor: Animal skin       |     9 |       ||     9
       Chain mail        |    41 |    30 ||    71
Dodge: Dodged            |    46 |    38 ||    84
       Rpst.: Falchion   |    16 |    10 ||    26
